 Dungeon Crawl Stone Soup version 0.29.1-12-g30fa7ad0bf (webtiles) character file.

Game seed: 1653793289340923915

592 MacCMillion the Chiller (level 7, -1/46 HPs)
             Began as a Merfolk Ice Elementalist on Jan 15, 2023.
             Slain by a troll (8 damage)
             ... on level 5 of the Dungeon.
             The game lasted 00:12:15 (6051 turns).

MacCMillion the Chiller (Merfolk Ice Elementalist)  Turns: 6051, Time: 00:12:16

Health: -1/46      AC:  9    Str:  8    XL:     7   Next: 39%
Magic:  1/10       EV: 13    Int: 14    God:
Gold:   210        SH:  0    Dex: 17    Spells: 3/10 levels left

rFire   . . .      SeeInvis .   u - +0 sling
rCold   . . .      Faith    .   (no shield)
rNeg    . . .      Spirit   .   a - +0 robe
rPois   +          Reflect  .   (no helmet)
rElec   .          Harm     .   m - +0 cloak
rCorr   .          Rampage  .   (no gloves)
Will    .....                   (no boots)
Stlth   ++........              (no amulet)
HPRegen 0.15/turn               x - ring of poison resistance
MPRegen 0.12/turn               (no ring)

@: ice-armoured, freezing walls
A: (nimble swimmer 2), mertail
a: no special abilities


You were on level 5 of the Dungeon.
You visited 1 branch of the dungeon, and saw 5 of its levels.

You collected 210 gold pieces.

Inventory:

Hand Weapons
 c - a +0 short sword
 d - a +0 dagger
 q - a +0 dagger of venom
 u - a +0 sling (weapon)
 v - a +0 short sword of speed
Armour
 a - a +0 robe (worn)
 m - a +0 cloak (worn)
Jewellery
 n - an amulet of faith
 x - a ring of poison resistance (left hand)
 A - a ring of magical power
Scrolls
 e - 2 scrolls of torment {unknown}
 f - a scroll of enchant armour {unknown}
 h - 2 scrolls of teleportation {unknown}
 j - a scroll of silence {unknown}
 k - 8 scrolls of identify {unknown}
 o - 2 scrolls of brand weapon {unknown}
 p - a scroll of magic mapping {unknown}
 s - a scroll of poison {unknown}
 t - a scroll of immolation {unknown}
 w - a scroll of enchant weapon {unknown}
 y - a scroll of acquirement {unknown}
 z - a scroll of summoning {unknown}
Potions
 b - 2 potions of magic
 g - 3 potions of curing {unknown}
 i - a potion of resistance {unknown}
 l - a potion of ambrosia {unknown}
 r - a potion of brilliance {unknown}


   Skills:
 + Level 4.5 Ranged Weapons
 - Level 2.8 Dodging
 - Level 3.0 Stealth
 - Level 2.0 Spellcasting
 - Level 7.0 Ice Magic


You had 3 spell levels left.
You knew the following spells:

 Your Spells              Type           Power      Damage    Failure   Level
a - Freeze                Ice            84%        1d10      1%          1
b - Frozen Ramparts       Ice            42%        1d7       4%          3
c - Ozocubu's Armour      Ice            21%        N/A       4%          3

Your spell library contained the following spells:

 Spells                   Type           Power      Damage    Failure   Level
 Apportation              Tloc           2%         N/A       24%         1
 Magic Dart               Conj           4%         1d3       24%         1
 Call Imp                 Summ           1%         N/A       34%         2
 Conjure Flame            Conj/Fire      1%         6-21      56%         3
 Ignite Poison            Fire/Tmut/Pois 1%         N/A       56%         3
 Mephitic Cloud           Conj/Pois/Air  1%         N/A       56%         3
 Hailstorm                Conj/Ice       11%        3d5       50%         4
 Sticky Flame             Conj/Fire      1%         2d3       93%         4
 Alistair's Intoxication  Tmut/Pois      0%         N/A       100%        5


Dungeon Overview and Level Annotations

Branches:
Dungeon (5/15)
 Temple: D:4-7

Altars:
The Shining One

Shops:
D:1 (

Annotations:
D:3 exclusion: kobold brigand
D:4 exclusion: phantom


Innate Abilities, Weirdness & Mutations

((You are very nimble when in or above water. (Stealth+, EV+, Speed+++)))
Your lower body shifts to a powerful aquatic tail in water.


Message History

Press: ? - help, Shift-Dir - straight line, f/p - troll
Aim: a troll (lightly wounded)
You freeze the troll.
The troll is lightly wounded.
The wall freezes the troll but does no damage.
The troll bites you. The troll claws you but does no damage.
The troll claws you.
Unknown command.
Casting: Freeze (safe; 1% risk of failure)
Confirm with . or Enter, or press ? or * to list all spells.
Aiming: Freeze (safe; 1% risk of failure)
Press: ? - help, Shift-Dir - straight line, f/p - troll
Aim: a troll (lightly wounded)
You freeze the troll!
The troll is moderately wounded.
The wall freezes the troll but does no damage.
The troll completely misses you. The troll barely misses you.
The troll completely misses you.
Unknown command.
Casting: Freeze (safe; 1% risk of failure)
Confirm with . or Enter, or press ? or * to list all spells.
Aiming: Freeze (safe; 1% risk of failure)
Press: ? - help, Shift-Dir - straight line, f/p - troll
Aim: a troll (moderately wounded)
You freeze the troll.
The troll is moderately wounded.
The wall freezes the troll.
The troll misses you.
The troll claws you but does no damage. x2
Unknown command.
Casting: Freeze (safe; 1% risk of failure)
Confirm with . or Enter, or press ? or * to list all spells.
Aiming: Freeze (safe; 1% risk of failure)
Press: ? - help, Shift-Dir - straight line, f/p - troll
Aim: a troll (heavily wounded)
You freeze the troll!
The troll is severely wounded.
The wall freezes the troll.
The troll closely misses you. The troll claws you!
* * * LOW HITPOINT WARNING * * *
The troll claws you!
You die...

....#####.....#####
....#.<.#.....#...#
....#...'.....#...#
....#####.....#..############
..............#..#..........#
...>.....######..#..........#
.........# #.)#..........#
.........# #.)#..........#
.........# ###@#.....######
.........#####.T÷).....'....#
.......................#....#
.......................######
..................######
..................# ..#
....#####.........# ...# ...
######....# ...# ..
#....#....#


You could see a troll.

Vanquished Creatures
  A phantom (D:5)
  A bullfrog (D:3)
  A scorpion (D:5)
  3 hounds
  2 iguanas
  11 gnolls
  5 adders
  4 worms
  2 dart slugs
  An orc (D:4)
  5 endoplasms
  A giant cockroach (D:2)
  7 goblins
  8 hobgoblins
  6 jackals (D:1)
  13 kobolds
  7 quokkas
  10 ball pythons
  7 bats
  A frilled lizard (D:1)
  4 rats
100 creatures vanquished.

Vanquished Creatures (others)
  5 plants
  6 withered plants (D:1)
11 creatures vanquished.

Grand Total: 111 creatures vanquished

Notes
Turn   | Place    | Note
-------+----------+-------------------------------------------
     0 | D:1      | MacCMillion the Merfolk Ice Elementalist began the quest
                  | for the Orb.
     0 | D:1      | Reached XP level 1. HP: 13/13 MP: 3/3
   390 | D:1      | Reached XP level 2. HP: 13/19 MP: 0/5
   532 | D:1      | Found a faded altar of an unknown god.
   808 | D:1      | Found Eshaec's Weapon Shop.
  1402 | D:1      | Reached XP level 3. HP: 24/24 MP: 4/6
  1463 | D:1      | Reached skill level 5 in Ice Magic
  1556 | D:1      | Learned a level 3 spell: Frozen Ramparts
  2188 | D:2      | Reached XP level 4. HP: 30/30 MP: 4/7
  2736 | D:3      | Learned a level 3 spell: Ozocubu's Armour
  2800 | D:3      | Reached skill level 6 in Ice Magic
  2915 | D:3      | Reached XP level 5. HP: 27/35 MP: 2/8
  3237 | D:3      | Noticed a kobold brigand
  3287 | D:3      | Reached skill level 7 in Ice Magic
  3287 | D:3      | Reached skill level 1 in Ranged Weapons
  3311 | D:3      | Found a glowing golden altar of the Shining One.
  3701 | D:3      | Reached XP level 6. HP: 41/41 MP: 4/9
  5213 | D:5      | Entered Level 5 of the Dungeon
  5307 | D:5      | HP: 1/41 [phantom (6)]
  5312 | D:5      | Reached XP level 7. HP: 1/46 MP: 3/10
  6009 | D:5      | Noticed a troll
  6051 | D:5      | Slain by a troll

Illustrated notes

Levels and vault maps discovered:
D:1:      evilmike_arrival_rings, layout_loops_corners, serial_shops,
          nicolae_square_shop, shapermc_ecumenical_altar_flowoftime
D:2:      layout_rooms, minmay_ruptured
D:3:      cheibrodos_helix_gallery, layout_loops_ring,
          mainiacjoe_overflow_surrounded_room, nicolae_figureground_sparkle
D:4:      cheibrodos_old_hovel, layout_basic
D:5:      layout_gridville, minmay_temple_entry_wispy, serial_park_tiny_pond,
          corner_web_ring

Skill      XL: |  1  2  3  4  5  6  7 |
---------------+----------------------+-----
Stealth        | 3 |  3.0
Ice Magic      | 5 6 7 |  7.0
Ranged Weapons | 1 3 4 |  4.5
Dodging        | |  2.8
Spellcasting   | |  2.0

Action                   |  1- 3 |  4- 6 |  7- 9 || total
-------------------------+-------+-------+-------++-------
Melee: Short sword       |     2 |    90 |       ||    92
       Dagger            |    33 |    40 |       ||    73
       Punch             |       |     2 |       ||     2
 Fire: Sling             |       |    23 |    24 ||    47
 Cast: Freeze            |    48 |    17 |    12 ||    77
       Frozen Ramparts   |     2 |    17 |     6 ||    25
       Ozocubu's Armour  |       |     3 |     1 ||     4
 Stab: Sleeping          |     2 |     8 |       ||    10
       Distracted        |       |     1 |       ||     1
Armor: Robe              |    15 |    30 |     6 ||    51
Dodge: Dodged            |    45 |    75 |    17 ||   137
